 Dungeon Crawl Stone Soup version 0.30-a0-585-g93115170b9 (webtiles) character file.

Game seed: 5259549559513698979

37529 arthad the Geomancer (level 13, -9/81 HPs)
             Began as a Gargoyle Earth Elementalist on Jan 1, 2023.
             Was an Initiate of Gozag.
             Mangled by a spriggan berserker
             ... wielding a +0 flail
              (15 damage)
             ... on level 13 of the Dungeon.
             The game lasted 00:57:45 (15199 turns).

arthad the Geomancer (Gargoyle Earth Elementalist) Turns: 15199, Time: 00:57:46

Health: -9/81      AC: 22    Str: 11    XL:     13   Next: 97%
Magic:  8/25       EV: 13    Int: 22    God:    Gozag
Gold:   2740       SH:  6    Dex: 10    Spells: 11/29 levels left

rFire   . . .      SeeInvis +    b - staff of earth
rCold   + + .      Faith    .    h - +1 buckler
rNeg    + . .      Spirit   .    R - +1 steam dragon scales "Felevihu" {rC+ SInv}
rPois   ∞          Reflect  .    r - +0 helmet
rElec   +          Harm     .    C - +0 cloak {rC+}
rCorr   .          Rampage  .    t - +0 pair of gloves
Will    ++...                    e - +0 pair of boots
Stlth   ++++                     (no amulet)
HPRegen 0.33/turn                w - ring of willpower
MPRegen 0.19/turn                c - ring of wizardry

@: no status effects
A: sickness immunity, AC +9, negative energy resistance 1, electricity
resistance, torment resistance 1, petrification resistance, strong-willed 1,
robust 1
a: Renounce Religion, Potion Petition, Call Merchant, Bribe Branch


You were on level 13 of the Dungeon.
You worshipped Gozag.
Gozag was most pleased with you.
You visited 1 branch of the dungeon, and saw 13 of its levels.
You also visited: Bailey and Ice Cave.

You collected 4482 gold pieces.
You spent 1702 gold pieces at shops.
You paid 40 gold pieces to Gozag.

Inventory:

Hand Weapons
 a - the +11 broad axe of the Gazing Oracle {drain, Will+ Dex+8}
   (You bought it in a shop on level 9 of the Dungeon)

   A truly terrible weapon, it drains the life of any living foe it strikes.
   Dex:       It affects your dexterity (+8).
   Will:      It increases your willpower.
 q - a +4 battleaxe
 A - a +0 broad axe
 F - a +4 falchion of flaming
 S - a +2 battleaxe of freezing
Missiles
 p - 10 boomerangs
 s - 19 poisoned darts
Armour
 e - a +0 pair of boots (worn)
 h - a +1 buckler (worn)
 r - a +0 helmet (worn)
 t - a +0 pair of gloves (worn)
 C - a +0 cloak of cold resistance (worn)
 O - +0 ice dragon scales
 Q - a +0 robe of resistance
 R - the +1 steam dragon scales "Felevihu" (worn) {rC+ SInv}
   (You bought it in a shop on level 9 of the Dungeon)

   rC:        It protects you from cold.
   SInv:      It lets you see invisible.
Magical Staves
 b - a staff of earth (weapon)
 x - a staff of poison
Jewellery
 c - a ring of wizardry (right hand)
 w - a ring of willpower (left hand)
 y - a ring of protection from fire
 D - a ring of resist corrosion
 K - a ring of protection from fire
 T - an amulet of faith
Wands
 g - a wand of flame (25)
 z - a wand of quicksilver (8)
 B - a wand of charming (12)
 G - a wand of polymorph (4)
 M - a wand of iceblast (30)
 Z - a wand of mindburst (5)
Scrolls
 f - 4 scrolls of blinking
 k - 2 scrolls of amnesia
 l - 10 scrolls of identify
 n - 7 scrolls of magic mapping
 v - 8 scrolls of teleportation
 E - a scroll of fear
 I - 5 scrolls of enchant armour
 L - 2 scrolls of vulnerability
 P - a scroll of enchant weapon
 U - a scroll of immolation
Potions
 d - 8 potions of curing
 i - 4 potions of invisibility
 j - 2 potions of heal wounds
 m - 3 potions of brilliance
 o - 2 potions of flight
 u - a potion of might
 H - a potion of cancellation {unknown}
 J - 3 potions of haste
 N - a potion of degeneration
 X - a potion of ambrosia
Miscellaneous
 V - a lightning rod (2/4)
 Y - a tin of tremorstones (inert)


   Skills:
 + Level 6.0 Fighting
 * Level 5.3 Axes
 - Level 3.7 Staves
 + Level 6.1 Armour
 + Level 6.1 Dodging
 - Level 9.2 Stealth
 + Level 7.0 Shields
 * Level 8.8 Spellcasting
 + Level 10.0 Conjurations
 + Level 0.4 Translocations
 - Level 4.9 Transmutations
 + Level 3.7 Air Magic
 + Level 11.8 Earth Magic
 - Level 3.3 Evocations


You had 11 spell levels left.
You knew the following spells:

 Your Spells              Type           Power      Damage    Failure   Level
a - Sandblast             Erth           100%       2d20      1%          1
b - Stone Arrow           Conj/Erth      100%       3d13      1%          3
c - Passwall              Tmut/Erth      52%        N/A       1%          2
d - Petrify               Tmut/Erth      63%        N/A       1%          4
e - Airstrike             Air            13%        2d(2-18)  8%          4
f - Iskenderun's Mystic   Conj/Tloc      32%        2d8       4%          4

Your spell library contained the following spells:

 Spells                   Type           Power      Damage    Failure   Level
 Shock                    Conj/Air       100%       1d9       1%          1
 Swiftness                Air            26%        N/A       2%          3
 Apportation              Tloc           22%        N/A       3%          1
 Summon Small Mammal      Summ           36%        N/A       3%          1
 Spider Form              Tmut/Pois      20%        N/A       4%          3
 Ensorcelled Hibernation  Hex/Ice        18%        N/A       5%          2
 Gell's Gravitas          Tloc           11%        N/A       9%          3
 Lesser Beckoning         Tloc           22%        N/A       9%          3
 Teleport Other           Tloc           11%        N/A       9%          3
 Call Canine Familiar     Summ           9%         N/A       11%         3
 Summon Guardian Golem    Hex/Summ       9%         N/A       11%         3
 Passage of Golubria      Tloc           11%        N/A       28%         4
 Anguish                  Hex/Necr       4%         N/A       32%         4
 Dispersal                Tloc           5%         N/A       98%         6
 Enfeeble                 Hex            4%         N/A       100%        7
 Haunt                    Necr/Summ      4%         N/A       100%        7


Dungeon Overview and Level Annotations

Branches:
Dungeon (13/15)            Temple (0/1) D:4            Lair (0/5) D:11
    Orc (0/2) D:9          Vaults (0/5) D:13         Bailey (visited)
  IceCv (visited)

Altars:
Cheibriados
Elyvilon
Fedhas
Gozag
Hepliaklqana
Qazlal
Ru
Sif Muna
Trog
Uskayaw
Wu Jian
Xom
Yredelemnul
The Shining One

Shops:
D:6 (   D:9 [(   D:12 *

Annotations:
D:7 3 runed translucent doors, purpskrrrp's ghost, weakling VSDe
D:11 2 transporters
D:13 3 runed translucent doors, yumyumyeen's ghost, journeyman MiMo


Innate Abilities, Weirdness & Mutations

You are immune to sickness and miasma.
Your stone body is resilient. (AC +9)
You are immune to poison.
You resist negative energy. (rN+)
You are resistant to electric shocks. (rElec)
You are resistant to unholy torment.
You are immune to petrification.
You are strong-willed. (Will+)
You are robust. (+10% HP)


Message History

Your Fighting skill increases to level 6!
You now have 2740 gold pieces (gained 7).
Things that are here:
a +0 quarterstaff; a +0 animal skin A spriggan berserker comes into view.
It is wielding a +0 flail.
The spriggan berserker moves out of view.
You start resting.
A spriggan berserker is nearby!
The spriggan berserker mumbles some strange prayers to Trog.
The death yak goes berserk!
The death yak rages.
The spriggan berserker utters an invocation to Trog.
The redback simulacrum is distracted by your dazzling golden aura.
The death yak rages.
The spriggan berserker invokes Trog's protection!
The elephant rages.
Casting: Stone Arrow (safe; 1% risk of failure)
Confirm with . or Enter, or press ? or * to list all spells.
Aiming: Stone Arrow (safe; 1% risk of failure)
Press: ? - help, Shift-Dir - straight line Out of range.
Okay, then.
Unknown command.
Okay, then.
The death yak gores you!
You hear a trumpeting!
The death yak misses you.
Casting: Stone Arrow (safe; 1% risk of failure)
Confirm with . or Enter, or press ? or * to list all spells.
Aiming: Stone Arrow (safe; 1% risk of failure)
Press: ? - help, Shift-Dir - straight line, f - spriggan berserker
Aim: a spriggan berserker, wielding a +0 flail and wearing a +0 animal skin (regenerating, strong-willed, 55% to hit)
You feel a surge of power!
The stone arrow hits the spriggan berserker!!
The spriggan berserker is heavily wounded.
The death yak gores you!!
* * * LOW HITPOINT WARNING * * *
The spriggan berserker hits you with a +0 flail!
You die...
Your body crumbles into a pile of gold.

##...##..#ZZZ=.:#...+...##.......
##...##.##4#...$#...+.### .......
.....##.#..# .$##...#.# .......
........#..# #....#.###........
8......)#..Z###....##........
).......##...Z...###.........
8........###...###...........
...........#####Y..#.........
8..............i@###.........
...............### #.........
8.#............# #.........
..##.....###...#####.........
..###....# #....[............
..#......###................
..#.###.............. ....
##............. ###
##............


You could see a death yak (summoned, berserk) and a spriggan berserker
(regenerating, strong-willed).

Vanquished Creatures
  An orc warlord (Bailey)
  8 vault guards (D:13)
  2 ironbound frosthearts (IceCv)
  2 two-headed ogres
  3 spriggan berserkers (D:13)
  7 death yaks (IceCv)
  Nergalle (D:11)
  A wizard (D:12)
  Pikel (D:6)
  2 orc knights (Bailey)
  A deep elf pyromancer (D:13)
  3 ugly things
  2 manticores
  Maurice (D:8)
  An oklob plant (D:11)
  An ice statue (IceCv)
  2 unseen horrors
  3 kobold demonologists (D:12)
  9 polar bears (IceCv)
  2 trolls (D:12)
  A hornet (D:8)
  Grinder (D:4)
  23 yaks
  2 wraiths
  A wyvern (D:7)
  4 shadows
  Eustachio (D:6)
  2 unseen horror simulacra (D:10)
  5 vampire mosquitoes (D:13)
  A death yak simulacrum (D:12)
  4 steam dragons
  Menkaure (D:7)
  Duvessa (D:5)
  2 water moccasins (D:6)
  2 ice beasts
  11 orc warriors
  A sky beast (D:7)
  15 wolves
  An ogre (D:6)
  5 centaurs
  4 lemures (D:6)
  3 kobold brigands
  6 gnoll sergeants
  A two-headed ogre simulacrum (D:12)
  4 necrophages
  4 scorpions
  12 wights
  Dowan (D:5)
  5 killer bees (D:7)
  An elephant simulacrum (D:12)
  2 electric eels
  3 howler monkeys
  2 jellies (D:5)
  8 hounds
  3 orc priests
  3 gnoll boudas
  4 iguanas
  12 orc wizards
  A wolf simulacrum (D:12)
  4 troll simulacra (D:12)
  A centaur simulacrum (D:10)
  29 gnolls
  5 adders
  2 shadow imps (D:5)
  3 white imps
  4 worms
  3 dart slugs
  36 orcs
  10 endoplasms
  3 giant cockroaches
  19 goblins
  16 hobgoblins
  7 jackals
  4 quokkas
  8 ball pythons
  2 bats
  14 kobolds
  4 rats
390 creatures vanquished.

Vanquished Creatures (others)
  A yak (IceCv)
  30 fungi
  2 plants (D:12)
33 creatures vanquished.

Grand Total: 423 creatures vanquished

Notes
Turn   | Place    | Note
-------+----------+-------------------------------------------
     0 | D:1      | arthad the Gargoyle Earth Elementalist began the quest for
                  | the Orb.
     0 | D:1      | Reached XP level 1. HP: 10/10 MP: 3/3
   183 | D:1      | Reached XP level 2. HP: 15/15 MP: 3/5
   475 | D:1      | Reached skill level 1 in Transmutations
   761 | D:1      | Reached skill level 4 in Earth Magic
   764 | D:1      | Reached XP level 3. HP: 19/19 MP: 1/6
   952 | D:1      | Learned a level 3 spell: Stone Arrow
   955 | D:1      | Learned a level 2 spell: Passwall
  1473 | D:2      | Reached XP level 4. HP: 24/24 MP: 5/7
  1670 | D:2      | Reached skill level 1 in Conjurations
  2253 | D:3      | Found a stormy altar of Qazlal.
  2383 | D:3      | Found an ornate altar of the Wu Jian Council.
  2549 | D:3      | Found an opulent altar of Gozag.
  2555 | D:3      | Became a worshipper of Gozag Ym Sagoz the Greedy
  2578 | D:4      | Found a bloodstained altar of Trog.
  2677 | D:4      | Found a snail-covered altar of Cheibriados.
  2679 | D:4      | Noticed a scorpion
  2695 | D:4      | Killed a scorpion
  2696 | D:4      | Reached XP level 5. HP: 27/28 MP: 4/9
  2801 | D:4      | Found a shimmering blue altar of Sif Muna.
  2812 | D:4      | Reached skill level 1 in Shields
  2826 | D:4      | Got Sif Muna's Codex of the Jaunt
  2943 | D:4      | Noticed Grinder
  2950 | D:4      | Gained mutation: You have hidden genetic defects. [potion
                  | of mutation]
  2950 | D:4      | Gained mutation: You are robust. (+10% HP) [potion of
                  | mutation]
  2955 | D:4      | Paralysed by Grinder for 3 turns
  2974 | D:4      | Killed Grinder
  2975 | D:4      | Reached skill level 5 in Earth Magic
  2975 | D:4      | Reached XP level 6. HP: 30/35 MP: 0/11
  2987 | D:4      | Gained mutation: You are weak. (Str -2) [hidden defects]
  3092 | D:4      | Lost mutation: You are weak. (Str -2) [potion of mutation]
  3092 | D:4      | Lost mutation: You have hidden genetic defects. [potion of
                  | mutation]
  3092 | D:4      | Gained mutation: You sometimes lose your temper in combat.
                  | [potion of mutation]
  3092 | D:4      | Gained mutation: You are very robust. (+20% HP) [potion of
                  | mutation]
  3092 | D:4      | Gained mutation: You are occasionally teleported next to
                  | monsters. [potion of mutation]
  3093 | D:4      | Lost mutation: You are occasionally teleported next to
                  | monsters. [potion of mutation]
  3093 | D:4      | Lost mutation: You are very robust. (+20% HP) [potion of
                  | mutation]
  3093 | D:4      | Lost mutation: You sometimes lose your temper in combat.
                  | [potion of mutation]
  3093 | D:4      | Gained mutation: You are strong-willed. (Will+) [potion of
                  | mutation]
  3130 | D:4      | Reached XP level 7. HP: 36/39 MP: 4/12
  3366 | D:4      | Found a white marble altar of Elyvilon.
  3368 | D:4      | Found an ancient bone altar of Kikubaaqudgha.
  3368 | D:4      | Found an ancient bone altar of Kikubaaqudgha.
  3370 | D:4      | Found a shimmering blue altar of Sif Muna.
  3370 | D:4      | Found a radiant altar of Vehumet.
  3370 | D:4      | Found a shimmering altar of Xom.
  3449 | D:4      | Noticed a yak
  3449 | D:4      | Noticed a yak
  3449 | D:4      | Noticed a yak
  3449 | D:4      | Noticed a yak
  3494 | D:4      | Found a staircase to the Ecumenical Temple.
  3767 | D:4      | Noticed a yak
  3785 | D:3      | Killed a yak
  3786 | D:3      | Reached skill level 5 in Stealth
  3786 | D:3      | Reached XP level 8. HP: 35/45 MP: 6/14
  4041 | D:5      | Entered Level 5 of the Dungeon
  4100 | D:5      | Reached skill level 6 in Earth Magic
  4348 | D:5      | Noticed Duvessa
  4349 | D:5      | Noticed Dowan
  4365 | D:5      | Killed Duvessa
  4366 | D:5      | Reached skill level 5 in Spellcasting
  4366 | D:5      | Reached skill level 7 in Earth Magic
  4366 | D:5      | Reached XP level 9. HP: 27/57 MP: 1/17
  4369 | D:5      | Killed Dowan
  4514 | D:5      | Reached skill level 8 in Earth Magic
  4770 | D:6      | Identified a scroll of acquirement
  4770 | D:6      | Acquired 616 gold pieces
  4847 | D:6      | Noticed Pikel
  4943 | D:6      | Killed Pikel
  4944 | D:6      | Reached XP level 10. HP: 61/61 MP: 4/19
  5086 | D:6      | Found Zeuruud's Weapon Emporium.
  5591 | D:6      | Noticed Eustachio
  5604 | D:6      | Killed Eustachio
  6285 | D:7      | Noticed Menkaure
  6290 | D:7      | Killed Menkaure
  6435 | D:7      | Learned a level 4 spell: Petrify
  6440 | D:7      | Learned a level 4 spell: Airstrike
  6522 | D:7      | Found a hide-covered altar of Uskayaw.
  6523 | D:7      | Found a white marble altar of Elyvilon.
  6524 | D:7      | Found a sacrificial altar of Ru.
  6730 | D:7      | Found a runed translucent gate.
  6732 | D:7      | Found a runed translucent gate.
  6733 | D:7      | Found a runed translucent gate.
  6735 | D:7      | Noticed purpskrrrp's ghost (weakling VSDe)
  7119 | D:8      | Found a flagged portal.
  7141 | Bailey   | Entered a bailey
  7624 | Bailey   | Noticed an orc knight
  7648 | Bailey   | Killed an orc knight
  7832 | Bailey   | Noticed an orc warlord
  7832 | Bailey   | Noticed an orc knight
  7836 | Bailey   | Killed an orc knight
  7837 | Bailey   | Reached skill level 9 in Earth Magic
  7837 | Bailey   | Reached XP level 11. HP: 26/67 MP: 16/20
  7839 | Bailey   | Killed an orc warlord
  7840 | Bailey   | Reached skill level 5 in Shields
  7840 | Bailey   | Reached skill level 1 in Air Magic
  7991 | D:8      | Acquired a staff of earth
  8366 | D:8      | Got the Treatise on the Door and the Gathering
  8580 | D:8      | Noticed Maurice
  8585 | D:8      | Killed Maurice
  9093 | D:9      | Found a hazy altar of Hepliaklqana.
  9205 | D:9      | Found Mistreupn's Weapon Shoppe.
  9211 | D:9      | Noticed a two-headed ogre
  9212 | D:9      | Found a staircase to the Orcish Mines.
  9212 | D:9      | Found Icopie's Armour Shoppe.
  9228 | D:9      | Killed a two-headed ogre
  9352 | D:9      | Bought the +11 broad axe of the Gazing Oracle {drain, Will+
                  | Dex+8} for 1007 gold pieces
  9356 | D:9      | Bought the +1 steam dragon scales "Felevihu" {rC+ SInv} for
                  | 695 gold pieces
  9653 | D:9      | Found a glowing golden altar of the Shining One.
  9748 | D:10     | Entered Level 10 of the Dungeon
  9879 | D:10     | Reached skill level 5 in Dodging
  9951 | D:10     | Reached skill level 1 in Axes
 10457 | D:10     | Found a basalt altar of Yredelemnul.
 10607 | D:10     | Found a blossoming altar of Fedhas.
 10856 | D:11     | Found a staircase to the Lair.
 10892 | D:11     | Noticed an oklob plant
 10903 | D:11     | Killed an oklob plant
 10994 | D:11     | Reached skill level 10 in Earth Magic
 10994 | D:11     | Reached XP level 12. HP: 73/73 MP: 17/22
 11024 | D:11     | Found a transporter.
 11038 | D:11     | Noticed Nergalle
 11048 | D:11     | Killed Nergalle
 11400 | D:11     | Found a transporter.
 11559 | D:12     | Found a frozen archway.
 11661 | IceCv    | Entered an ice cave
 12578 | IceCv    | Reached skill level 5 in Armour
 12688 | IceCv    | Noticed a death yak
 12703 | IceCv    | Killed a death yak
 12719 | IceCv    | Reached skill level 5 in Fighting
 13088 | IceCv    | Noticed a death yak
 13089 | IceCv    | Noticed a death yak
 13090 | IceCv    | Noticed a death yak
 13106 | IceCv    | Killed a death yak
 13106 | IceCv    | Killed a death yak
 13107 | IceCv    | Killed a death yak
 13125 | IceCv    | Noticed a death yak
 13125 | IceCv    | Noticed an ironbound frostheart
 13125 | IceCv    | Noticed an ironbound frostheart
 13125 | IceCv    | Noticed a death yak
 13125 | IceCv    | Noticed a death yak
 13129 | IceCv    | Killed a death yak
 13129 | IceCv    | Killed an ironbound frostheart
 13129 | IceCv    | Killed a death yak
 13129 | IceCv    | Killed an ironbound frostheart
 13130 | IceCv    | Reached skill level 11 in Earth Magic
 13130 | IceCv    | Reached XP level 13. HP: 22/79 MP: 25/25
 13578 | D:12     | Found Lipif's Gadget Gallery.
 14534 | D:13     | Found a gate to the Vaults.
 14534 | D:13     | Noticed a vault guard
 14534 | D:13     | Noticed a vault guard
 14534 | D:13     | Noticed a vault guard
 14534 | D:13     | Noticed a vault guard
 14534 | D:13     | Noticed a vault guard
 14535 | D:13     | Noticed a vault guard
 14535 | D:13     | Noticed a vault guard
 14535 | D:13     | Noticed a vault guard
 14541 | D:13     | Killed a vault guard
 14541 | D:13     | Killed a vault guard
 14543 | D:13     | Killed a vault guard
 14544 | D:13     | Killed a vault guard
 14545 | D:13     | Killed a vault guard
 14546 | D:13     | Reached skill level 5 in Axes
 14548 | D:13     | Killed a vault guard
 14549 | D:13     | Killed a vault guard
 14564 | D:13     | Killed a vault guard
 14803 | D:13     | Found a runed translucent gate.
 14803 | D:13     | Found a runed translucent gate.
 14803 | D:13     | Found a runed translucent gate.
 14847 | D:13     | Learned a level 4 spell: Iskenderun's Mystic Blast
 14976 | D:13     | Reached skill level 10 in Conjurations
 14994 | D:13     | Noticed yumyumyeen's ghost (journeyman MiMo)
 15199 | D:13     | Mangled by a spriggan berserker

Illustrated notes

Levels and vault maps discovered:
D:1:      heliophobic_arrival_henge, layout_basic
D:2:      layout_basic, ebering_dispersal_statue_hall
D:3:      layout_basic, grunt_qazlal_clouds, nzn_wu_jian_council_hall,
          mainiacjoe_overflow_alcove_2
D:4:      layout_loops_ring, lemuel_crystal_altar,
          mainiacjoe_overflow_cross_hatched, doesnt_xom_only_xom, led_sif_book,
          minmay_temple_entry_proselytizer, uniq_grinder
D:5:      layout_cave_pools, serial_park, serial_park_tiny_pond,
          serial_park_square1 [serial_park_minivault_5x5_8], serial_park_tiny_1,
          serial_park_square2, serial_park_avenue1, uniq_duvessa
D:6:      nicolae_cairo_tiling_large_dashed, layout_loops_ring, serial_shops,
          nicolae_shop_bloodbath_and_beyond, serial_aquarium,
          aquarium_bridge_straight [aquarium_subvault_bridge,
          aquarium_subvault_wall, aquarium_subvault_bridge,
          aquarium_subvault_window], aquarium_window_corner, aquarium_window_1,
          aquarium_window_2, aquarium_window_3, aquarium_view_2c,
          aquarium_view_2f, aquarium_balcony_1a, amcnicky_mini_pool_small,
          uniq_eustachio, uniq_pikel
D:7:      layout_basic, chequers_temple_overflow_statue_of_worship,
          gammafunk_ghost_necromancy, uniq_menkaure
D:8:      nicolae_cairo_tiling, layout_cave_pools, enter_bailey_5,
          serial_gnoll_camp, gnoll_camp_mini_hut, gnoll_camp_mini_hut,
          gnoll_camp_mini_loothouse, gnoll_camp_huts_basic, gnoll_camp_mini_hut,
          gnoll_camp_mini_doghouse, uniq_maurice
D:9:      layout_roguey, nicolae_overflow_hidden_temple, lemuel_round_altar,
          orc_david_3
D:10:     layout_loops_ring, amcnicky_altar_gilded, fedhas_altar_4, serial_ice,
          serial_ice_e, serial_ice_l, serial_ice_m, serial_ice_g, serial_ice_h
D:11:     layout_cave_pools, dpeg_oklobed_lair, gammafunk_ghost_abyssal_escape,
          uniq_nergalle
D:12:     layout_roguey, portal_ice_cave_entry_ice_simulacra,
          serial_bayou_lagoon_a, nicolae_shop_gadgets
D:13:     layout_big_octagon, erik_vaults_2, gammafunk_ghost_icy,
          serial_column_ruins, column_ruins_square_medium,
          column_ruins_hut_pillars, column_ruins_open_small_water,
          column_ruins_columns_dead_end, column_ruins_columns_straight,
          column_ruins_grid_1, column_ruins_corridor_T,
          minmay_guarded_unrand_wrath_of_trog

Skill      XL: |  1  2  3  4  5  6  7  8  9 10 11 12 13 |
---------------+----------------------------------------+-----
Transmutations | 1 2 3 4 |  4.9
Earth Magic    | 4 5 7 8 9 10 11 | 11.8
Stealth        | 3 4 5 7 8 9 |  9.2
Conjurations   | 1 2 3 6 7 8 9 10 | 10.0
Dodging        | 2 3 4 5 6 |  6.1
Shields        | 1 2 4 5 6 7 |  7.0
Spellcasting   | 3 4 5 6 7 8 |  8.8
Fighting       | 4 5 6 |  6.0
Staves         | 3 |  3.7
Armour         | 4 5 6 |  6.1
Evocations     | 3 |  3.3
Air Magic      | 2 3 |  3.7
Axes           | 1 4 5 |  5.3
Translocations | |  0.4

Action                   |  1- 3 |  4- 6 |  7- 9 | 10-12 | 13-15 || total
-------------------------+-------+-------+-------+-------+-------++-------
Melee: Unarmed           |     6 |    11 |     5 |       |       ||    22
       Falchion          |       |       |     1 |     1 |       ||     2
       Staff             |       |       |       |     1 |     1 ||     2
       Broad axe         |       |       |       |    57 |    24 ||    81
Throw: Boomerang         |       |     1 |       |       |       ||     1
       Dart              |       |       |       |     3 |       ||     3
 Cast: Sandblast         |    49 |    63 |   133 |   390 |    19 ||   654
       Stone Arrow       |       |       |       |    77 |    69 ||   146
Evoke: Wand              |       |       |       |    11 |     2 ||    13
       Tin of tremorston |       |       |       |     1 |     2 ||     3
       Lightning rod     |       |       |       |       |     4 ||     4
  Use: Scroll            |       |     4 |     3 |    21 |       ||    28
       Potion            |       |     5 |     4 |     6 |       ||    15
Armor: Robe              |     2 |     4 |    33 |    69 |       ||   108
       Steam dragon scal |       |       |       |    84 |    33 ||   117
Dodge: Dodged            |     6 |    13 |    48 |   171 |    44 ||   282
Block: Buckler           |     2 |     5 |    22 |    95 |    16 ||   140

Table legend: (Time is in decaauts)
 A = Elapsed time spent in this place.
 B = Non-inter-level travel time spent in this place.
 C = Inter-level travel time spent in this place.
 D = Time resting spent in this place.
 E = Time spent auto-exploring this place.
 F = Levels seen in this place.
 G = Mean time per level.
                   A        B        C        D        E       F      G
               +--------+--------+--------+--------+--------+-----+--------+
         Total |  15555 |  15064 |    491 |   1781 |  10008 |  15 | 1037.0 |
       Dungeon |  12954 |  12463 |    491 |    967 |   8882 |  13 |  996.5 |
        Bailey |    851 |    851 |      0 |    253 |    283 |   1 |  851.0 |
      Ice Cave |   1749 |   1749 |      0 |    560 |    843 |   1 | 1749.0 |
               +--------+--------+--------+--------+--------+-----+--------+

Top non-repeatable levels by time:
   IceCv: 1749 daAuts
     D:4: 1472 daAuts
    D:10: 1203 daAuts
     D:6: 1192 daAuts
     D:8: 1146 daAuts
     D:7: 1088 daAuts
    D:12: 996 daAuts
     D:1: 989 daAuts
    D:13: 971 daAuts
     D:2: 924 daAuts
  Bailey: 851 daAuts
     D:9: 800 daAuts
     D:5: 774 daAuts
     D:3: 737 daAuts
    D:11: 656 daAuts
